 Dungeon Crawl Stone Soup version 0.22.1-6-g1668fe2c40 (webtiles) character file.

65 Kohma the Ruffian (level 3, 0/28 HPs)
             Began as a Draconian Transmuter on Jan 25, 2019.
             Slain by a jackal (2 damage)
             ... on level 1 of the Dungeon.
             The game lasted 00:05:53 (2183 turns).

Kohma the Ruffian (Draconian Transmuter)            Turns: 2183, Time: 00:05:54

Health: 0/28       AC:  5    Str: 12    XL:     3   Next: 92%
Magic:  0/6        EV: 12    Int: 14    God:
Gold:   99         SH:  0    Dex: 11    Spells: 1/7 levels left

rFire    . . .     SeeInvis .     - Unarmed
rCold    . . .     Gourm    .   (no shield)
rNeg     . . .     Faith    .   (armour unavailable)
rPois    .         Spirit   .   (helmet restricted)
rElec    .         Reflect  .   (no cloak)
rCorr    .         Harm     .   (no gloves)
MR       .....                  (boots currently unavailable)
Stlth    +.........             (no amulet)
HPRegen  0.09/turn              (no ring)
MPRegen  0.10/turn              (no ring)

@: appendage
A: unfitting armour, talons 3, cold-blooded, AC +5
a: End Transformation


You were on level 1 of the Dungeon.
You were not hungry.
You had grown temporary talons.
You visited 1 branch of the dungeon, and saw 2 of its levels.

You collected 99 gold pieces.

Inventory:

Missiles
 a - 5 arrows
 g - 61 stones (quivered)
Scrolls
 b - 2 scrolls of teleportation {unknown}
 e - 2 scrolls of remove curse {unknown}
 f - 2 scrolls of identify {unknown}
 i - a scroll of amnesia {unknown}
Potions
 d - 4 potions of curing {unknown}
Comestibles
 c - 2 rations


   Skills:
 + Level 1.4 Fighting
 - Level 2.0 Dodging
 + Level 3.8 Unarmed Combat
 + Level 2.6 Spellcasting
 * Level 2.5 Transmutations


You had one spell level left.
You knew the following spells:

 Your Spells              Type           Power        Failure   Level  Hunger
a - Beastly Appendage     Tmut           #.....       8%          1    #......
b - Sticks to Snakes      Tmut           #.......     12%         2    ###....
c - Spider Form           Tmut/Pois      #.........   36%         3    ###....

Your spell library contained the following spells:

 Spells                   Type           Power        Failure   Level  Hunger
 Ice Form                 Ice/Tmut       #.......     78%         4    #####..
 Blade Hands              Tmut           #.........   91%         5    ######.


Dungeon Overview and Level Annotations

Branches:
Dungeon (2/15)

Altars:
Gozag
Trog


Innate Abilities, Weirdness & Mutations

Your plain brown scales are hard. (AC +5)
You cannot fit into any form of body armour.
You are cold-blooded and may be slowed by cold attacks.
You have claws for feet.


Message History

You climb upwards.
There is a stone staircase leading down here.
Casting: Beastly Appendage (safe; 8% risk of failure)
Confirm with . or Enter, or press ? or * to list all spells.
You create a snake!
You now have 5 arrows.
The jackal closely misses you.
Your transformation is almost over.
The jackal bites you.
* * * LOW HITPOINT WARNING * * *
Casting: Sticks to Snakes (safe; 12% risk of failure)
Confirm with . or Enter, or press ? or * to list all spells.
You don't have enough magic to cast that spell.
Casting: Sticks to Snakes (safe; 12% risk of failure)
Confirm with . or Enter, or press ? or * to list all spells.
You extend your transformation's duration.
The jackal misses you.
Your ball python bites the jackal.
Your ball python closely misses the jackal.
You barely miss the jackal. Your kick misses the jackal.
The jackal is moderately wounded.
The jackal bites you.
You die...

#.####..## #♣..#.....
#.####..# #♣...#...PP
#.......# #.#..#.P.<.
#######.# #♣...+.....
#.......# #######
#♣..#....P #.####..#
#.[...# ♣..####'#
#.#.....# #S###.#
#♣........
#.#.....#######h###.#
#.........
................@.#.#
#♣#≈##.♣.#
#.#.......#####.#.#.##
##♣#♣.♣♣ #.#......##
#.......## ####♣♣♣#
#.####..## #........#
#....... #.......#
#.##.....# #####.##
#######.# #.##.##..#
#.# ##'## #.##.##..#
#.# ##...## #.##.##..#
#.# ##.....##
#........# #.##


You could see a jackal and a friendly ball python.

Vanquished Creatures
  2 gnolls (D:2)
  3 leopard geckos
  3 giant cockroaches (D:1)
  4 goblins (D:1)
  5 hobgoblins (D:1)
  4 kobolds (D:1)
  6 bats (D:1)
  A frilled lizard (D:1)
  5 rats
33 creatures vanquished.

Vanquished Creatures (collateral kills)
  A gnoll (D:2)
  A hobgoblin (D:2)
  A bat (D:2)
3 creatures vanquished.

Grand Total: 36 creatures vanquished

Notes
Turn   | Place    | Note
-------+----------+-------------------------------------------
     0 | D:1      | Kohma the Draconian Transmuter began the quest for the Orb.
     0 | D:1      | Reached XP level 1. HP: 16/16 MP: 3/3
   165 | D:1      | Reached XP level 2. HP: 17/23 MP: 3/5
   581 | D:1      | Reached XP level 3. HP: 23/28 MP: 6/6
  1458 | D:2      | Learned a level 2 spell: Sticks to Snakes
  1462 | D:2      | Learned a level 3 spell: Spider Form
  1794 | D:2      | Found an opulent altar of Gozag.
  1816 | D:2      | Found a bloodstained altar of Trog.
  2172 | D:2      | HP: 1/28 [gnoll/flail (9)]
  2181 | D:1      | HP: 1/28 [jackal (1)]
  2183 | D:1      | Slain by a jackal

Skill      XL: |  1  2  3 |
---------------+----------+-----
Dodging        | 2 |  2.0
Fighting       | |  1.4
Unarmed Combat | |  3.8
Spellcasting   | |  2.6
Transmutations | |  2.5

Action                   || total
-------------------------++-------
Melee: Unarmed           ||    88
       Kick              ||     6
       Tailslap          ||     3
       Punch             ||     3
       Headbutt          ||     4
 Cast: Beastly Appendage ||    24
       Sticks to Snakes  ||     7
 Stab: Sleeping          ||     1
  Eat: Chunk             ||     2
       Ration            ||     1
Armor: Skin              ||    41
Dodge: Dodged            ||    74
